 Dungeon Crawl Stone Soup version 0.31-a0-164-g2312942fda (webtiles) character file.

Game seed: 7209294437855115524

2870 Edyrem the Slicer (level 10, 61/61 HPs)
             Began as a Kobold Brigand on June 6, 2023.
             Was an Initiate of Gozag.
             Quit the game on level 7 of the Dungeon on June 14, 2023.
             The game lasted 00:19:01 (5947 turns).

Edyrem the Slicer (Kobold Brigand)                  Turns: 5947, Time: 00:19:01

Health: 61/61      AC: 13    Str:  9    XL:     10   Next: 4%
Magic:  10/10      EV: 16    Int: 16    God:    Gozag
Gold:   590        SH:  5    Dex: 21    Spells: 9/9 levels left

rFire   . . .        a - +2 dagger (flame)
rCold   + . .        (no shield)
rNeg    + + +        N - +2 leather armour {rF+}
rPois   .            B - +2 helmet
rElec   .            c - +0 cloak
rCorr   .            (no gloves)
SInv    +            w - +2 pair of boots of the Louse {Fly rN++ Regen+ SInv}
Will    .....        g - amulet of reflection
Stlth   +++++        q - ring of positive energy
HPRegen 1.10/turn    M - ring of Cumudie {Ice Int+4}
MPRegen 0.12/turn

%: reflection
@: flying
A: small, no large weapons, nightstalker 3
a: Renounce Religion, Potion Petition, Call Merchant, Bribe Branch


You were on level 7 of the Dungeon.
You worshipped Gozag.
Gozag was pleased with you.
You visited 2 branches of the dungeon, and saw 8 of its levels.

You collected 695 gold pieces.
You paid 105 gold pieces to Gozag.

Inventory:

Hand Weapons
 a - a +2 dagger of flaming (weapon)
 b - the +4 whip of the Thirteen Souls {protect, rF+}
   (You found it on level 3 of the Dungeon)

   rF:        It protects you from fire.
 O - a +1 rapier of draining
Missiles
 d - 11 poisoned darts (quivered)
 e - 3 curare-tipped darts
 m - 4 atropa-tipped darts
 A - 16 boomerangs
 I - a throwing net
Armour
 c - a +0 cloak (worn)
 s - a +0 buckler
 w - the +2 pair of boots of the Louse (worn) {Fly rN++ Regen+ SInv}
   (You found it on level 3 of the Dungeon)

   rN:        It greatly protects you from negative energy.
   SInv:      It lets you see invisible.
   Fly:       It grants you flight.
   Regen:     It increases your rate of health regeneration.
 B - a +2 helmet (worn)
 N - a +2 leather armour of fire resistance (worn)
Jewellery
 g - an amulet of reflection (around neck)
 q - a ring of positive energy (left hand)
 C - a ring of positive energy
 D - a ring of poison resistance
 M - the ring of Cumudie (right hand) {Ice Int+4}
   (You found it on level 6 of the Dungeon)

   [ring of ice]

   It enhances your ice magic.
   Int:       It affects your intelligence (+4).
   rF:        It makes you vulnerable to fire.
   rC:        It protects you from cold.
Wands
 x - a wand of mindburst (9)
 z - a wand of polymorph (6)
 H - a wand of roots (22)
Scrolls
 k - 2 scrolls of blinking {unknown}
 l - 8 scrolls of identify {unknown}
 n - 2 scrolls of amnesia {unknown}
 p - 3 scrolls of vulnerability {unknown}
 u - a scroll of immolation {unknown}
 v - 3 scrolls of fear {unknown}
 y - 4 scrolls of revelation {unknown}
 E - 2 scrolls of silence {unknown}
 F - a scroll of summoning {unknown}
 J - a scroll of poison {unknown}
Potions
 f - 2 potions of might {unknown}
 h - a potion of curing {@q2}
 i - 4 potions of heal wounds {unknown}
 j - 2 potions of degeneration {unknown}
 o - a potion of cancellation {unknown}
 r - a potion of brilliance {unknown}
 t - 2 potions of enlightenment {unknown}
 G - a potion of mutation {unknown}
 K - a potion of ambrosia {unknown}
 L - a potion of attraction {unknown}


   Skills:
 + Level 6.6 Fighting
 - Level 10.0 Short Blades
 - Level 2.1 Throwing
 * Level 4.2 Armour
 - Level 4.0 Dodging
 + Level 9.8 Stealth
 * Level 2.7 Shields


You had 9 spell levels left.
You didn't know any spells.
Your spell library was empty.

Dungeon Overview and Level Annotations

Branches:
Dungeon (7/15)             Temple (1/1) D:5

Altars:
Cheibriados
Gozag
Hepliaklqana
Makhleb
Qazlal
Trog
Xom
Yredelemnul
Zin

Shops:
D:5 (   D:7 [


Innate Abilities, Weirdness & Mutations

You are small and have problems with some larger weapons.
You are completely attuned to the shadows.


Message History

You have reached level 10!
You feel agile.
You now have 586 gold pieces (gained 6).
x - a wand of mindburst (9)
A shadow imp comes into view.
Menkaure, Prince of Dust comes into view.
Found a glowing rapier.
Found a stone staircase leading down.
The helpless Menkaure fails to defend himself.
You stick Menkaure like a pincushion!!!!
You burn Menkaure!
You destroy Menkaure!
The shadow imp shouts, "Turn tail, thou pribbling unchin-snouted pimple!"
The shadow imp gestures at you.
You are unaffected.
You hit the shadow imp but do no damage.
You hit the shadow imp. You burn the shadow imp.
The shadow imp is heavily wounded.
You block the shadow imp's attack.
You hit the shadow imp but do no damage.
The shadow imp is heavily wounded.
You closely miss the shadow imp.
The shadow imp is heavily wounded.
The shadow imp closely misses you.
You hit the shadow imp but do no damage.
The shadow imp is heavily wounded.
You puncture the shadow imp! You burn the shadow imp.
You kill the shadow imp!
You now have 590 gold pieces (gained 4).
Found Efeth's Armour Emporium.
You see here a +1 rapier of draining.
O - a +1 rapier of draining
There is a stone staircase leading down here.
There is an entrance to Efeth's Armour Emporium here.
You can access your shopping list by pressing '$'.
Save game and exit?
Welcome back, Edyrem the Kobold Brigand.
Gozag says: Greed is good.
Press ? for a list of commands and other information.
Are you sure you want to abandon this character and quit the game? (Confirm with "yes".)

.[.#.........# ...........[.#
####### #.................#
......###+#...........#######
......#.......###+#'###
......#.....$.##..#.#
......#........#.##'##########
.................#...........#
..............#>@+...........##
..............####............#
###...........####............#
###.........>......###........#
.............[.....# #........#
......##...........# #........#
......##...........# #........#
......##...........# #........#
########...........# #........#


There were no monsters in sight!

Vanquished Creatures
  Joseph (D:7)
  Sigmund (D:5)
  Menkaure (D:7)
  A steam dragon (D:6)
  Edmund (D:5)
  4 water moccasins
  2 sky beasts (D:6)
  A black bear (D:6)
  An ogre (D:4)
  A centaur (D:5)
  A kobold brigand (D:6)
  2 bullfrogs
  3 scorpions
  A wight (D:6)
  3 hounds
  2 orc priests
  4 sleepcaps
  2 jellies (D:6)
  Ijyb (D:5)
  2 iguanas (D:5)
  4 orc wizards
  7 adders
  4 gnolls
  A shadow imp (D:7)
  2 white imps
  2 worms (D:2)
  6 dart slugs
  16 orcs
  4 endoplasms
  2 giant cockroaches
  5 goblins
  4 hobgoblins
  4 jackals (D:4)
  5 quokkas
  3 training dummies (D:5)
  8 ball pythons
  7 bats
  4 frilled lizards
  15 kobolds
  7 rats
145 creatures vanquished.

Vanquished Creatures (others)
  An orc priest (D:4)
  A kobold (D:3)
2 creatures vanquished.

Grand Total: 147 creatures vanquished

Notes
Turn   | Place    | Note
-------+----------+-------------------------------------------
     0 | D:1      | Edyrem the Kobold Brigand began the quest for the Orb.
     0 | D:1      | Reached XP level 1. HP: 12/12 MP: 1/1
    76 | D:1      | Reached skill level 3 in Short Blades
    76 | D:1      | Reached XP level 2. HP: 18/18 MP: 2/2
   306 | D:1      | Reached XP level 3. HP: 22/22 MP: 3/3
  1051 | D:2      | Reached skill level 4 in Short Blades
  1051 | D:2      | Reached XP level 4. HP: 27/27 MP: 4/4
  1761 | D:3      | Identified the +2 pair of boots of the Louse {Fly rN++
                  | Regen+ SInv}
  1854 | D:2      | Reached XP level 5. HP: 19/32 MP: 5/5
  1895 | D:3      | Reached skill level 5 in Short Blades
  1904 | D:3      | Identified the +4 whip of the Thirteen Souls {protect, rF+}
  2316 | D:3      | Reached XP level 6. HP: 37/37 MP: 6/6
  2795 | D:4      | Noticed an ogre
  2809 | D:4      | Killed an ogre
  2867 | D:4      | Reached skill level 6 in Short Blades
  3013 | D:4      | Reached XP level 7. HP: 42/42 MP: 7/7
  3443 | D:5      | Entered Level 5 of the Dungeon
  3524 | D:5      | Noticed Edmund
  3576 | D:5      | Killed Edmund
  3577 | D:5      | Reached skill level 7 in Short Blades
  3721 | D:5      | Noticed Ijyb
  3735 | D:5      | Noticed Sigmund
  3736 | D:5      | Killed Ijyb
  3737 | D:5      | Reached skill level 1 in Armour
  3737 | D:5      | Reached XP level 8. HP: 48/48 MP: 8/8
  3739 | D:5      | Killed Sigmund
  3797 | D:5      | Found Japypsos's Firing Range.
  3853 | D:5      | Found a staircase to the Ecumenical Temple.
  3916 | Temple   | Entered the Ecumenical Temple
  3922 | Temple   | Became a worshipper of Gozag Ym Sagoz the Greedy
  4032 | D:5      | Reached skill level 8 in Short Blades
  4088 | D:5      | Reached skill level 5 in Fighting
  4740 | D:6      | Reached skill level 9 in Short Blades
  4793 | D:6      | Reached XP level 9. HP: 52/54 MP: 9/9
  5184 | D:6      | Identified the ring of Cumudie {Ice Int+4}
  5232 | D:6      | Reached skill level 10 in Short Blades
  5325 | D:6      | Reached skill level 1 in Shields
  5759 | D:7      | Noticed Joseph
  5763 | D:7      | Killed Joseph
  5862 | D:7      | Found a stormy altar of Qazlal.
  5908 | D:7      | Reached XP level 10. HP: 61/61 MP: 10/10
  5921 | D:7      | Noticed Menkaure
  5925 | D:7      | Killed Menkaure
  5941 | D:7      | Found Efeth's Armour Emporium.
  5947 | D:7      | Upgraded the game from 0.31-a0-145-g046c7d2549 to
                  | 0.31-a0-164-g2312942fda
  5947 | D:7      | Quit the game

Illustrated notes

Levels and vault maps discovered:
D:1:      eino_arrival_tree_alley, layout_loops_cross, minmay_misc_feat_square
D:2:      layout_basic, columned_hall_lemuel
D:3:      layout_basic, nrook_campfire, amcnicky_mini_rare_corridor_liquid,
          lexackson_kobold_supper
D:4:      layout_basic
D:5:      layout_loops_ring, minmay_temple_entry_statues,
          nicolae_shop_firing_range, uniq_ijyb, uniq_sigmund, uniq_edmund
D:6:      minmay_recursive_quarters, layout_basic, moated_statue
D:7:      layout_basic, nicolae_tso_swordbearing_angel,
          mainiacjoe_overflow_catwalk, serial_shops, shop, uniq_menkaure,
          uniq_joseph
Temple:   hellmonk_temple_two_chambers

Skill      XL: |  1  2  3  4  5  6  7  8  9 |
---------------+----------------------------+-----
Short Blades   | 3 4 5 6 7 9 10 | 10.0
Dodging        | 2 3 4 |  4.0
Stealth        | 6 7 8 9 |  9.8
Fighting       | 3 4 5 6 |  6.6
Armour         | 1 2 4 |  4.2
Shields        | 2 |  2.7
Throwing       | |  2.1

Action                     |  1- 3 |  4- 6 |  7- 9 | 10-12 || total
---------------------------+-------+-------+-------+-------++-------
  Melee: Dagger            |    48 |   171 |   205 |     7 ||   431
         Whip              |       |    39 |   140 |       ||   179
         Punch             |       |       |     3 |       ||     3
  Throw: Dart              |       |       |     6 |       ||     6
    Use: Potion            |       |       |     3 |       ||     3
   Stab: Sleeping          |    25 |    19 |    19 |     1 ||    64
         Distracted        |       |     1 |       |       ||     1
 Armour: Robe              |     1 |     1 |       |       ||     2
         Leather armour    |       |    38 |    92 |       ||   130
  Dodge: Dodged            |     7 |    84 |   197 |     1 ||   289
  Block: Other             |     8 |    33 |    65 |     1 ||   107
         Reflection        |       |       |     1 |       ||     1

Table legend: (Time is in decaauts)
 A = Elapsed time spent in this place.
 B = Non-inter-level travel time spent in this place.
 C = Inter-level travel time spent in this place.
 D = Time resting spent in this place.
 E = Time spent auto-exploring this place.
 F = Levels seen in this place.
 G = Mean time per level.
                   A        B        C        D        E       F      G
               +--------+--------+--------+--------+--------+-----+--------+
         Total |   5810 |   5570 |    240 |    136 |   3150 |   8 |  726.2 |
       Dungeon |   5797 |   5557 |    240 |    136 |   3150 |   7 |  828.1 |
        Temple |     12 |     12 |      0 |      0 |      0 |   1 |   12.0 |
               +--------+--------+--------+--------+--------+-----+--------+

Top non-repeatable levels by time:
     D:6: 1145 daAuts
     D:2: 1040 daAuts
     D:5: 957 daAuts
     D:4: 896 daAuts
     D:3: 812 daAuts
     D:1: 646 daAuts
     D:7: 297 daAuts
  Temple: 12 daAuts
